 Dungeon Crawl Stone Soup version 0.25.1-2-g60ff931df9 (webtiles) character file.

Game seed: 18019426940996588270

18938 hawla the Cleaver (level 12, -1/108 HPs)
             Began as a Hill Orc Monk on Oct 3, 2020.
             Was an Elder of Beogh.
             Shot with an arrow by Nessos (3 damage)
             ... on level 13 of the Dungeon on Oct 4, 2020.
             The game lasted 00:52:35 (19573 turns).

hawla the Cleaver (Hill Orc Monk)                  Turns: 19573, Time: 00:52:35

Health: -1/108     AC: 15    Str: 19    XL:     12   Next: 63%
Magic:  22/22      EV: 15    Int:  9    God:    Beogh [****..]
Gold:   744        SH:  0    Dex: 15    Spells: 11/11 levels left

rFire    . . .     SeeInvis .   P - +5 war axe (freeze)
rCold    . . .     Gourm    .   (no shield)
rNeg     + . .     Faith    +   x - +0 troll leather armour
rPois    +         Spirit   .   N - +2 hat
rElec    .         Reflect  .   u - +2 ratskin cloak {+Rats rPois rN+ Str-1 Int-1 Dex+1}
rCorr    +         Harm     .   q - +0 pair of gloves
MR       .....     Rnd*Tele +   (no boots)
Stlth    ++........             S - amulet of faith
HPRegen  0.00/turn              m - ring of resist corrosion
MPRegen  0.18/turn              H - ring of magical power

@: very slightly contaminated, studying Armour
A: thin metallic scales 1, inhibited regeneration, strong 1, teleportitis 1
a: Smiting, Recall Orcish Followers, Renounce Religion, Evoke Ratskin


You were on level 13 of the Dungeon.
You worshipped Beogh.
Beogh was greatly pleased with you.
You were not hungry.

You visited 2 branches of the dungeon, and saw 14 of its levels.
You also visited: Sewer and Bailey.

You collected 744 gold pieces.

Inventory:

Hand Weapons
 p - a +2 scimitar of flaming
 P - a +5 war axe of freezing (weapon)
Missiles
 s - 2 silver boomerangs
 C - 16 javelins
 D - 3 boomerangs
 O - 2 silver javelins (quivered)
Armour
 q - a +0 pair of gloves (worn)
 u - the +2 ratskin cloak (worn) {+Rats rPois rN+ Str-1 Int-1 Dex+1}
   (You found it on level 5 of the Dungeon)

   It affects your strength (-1).
   It affects your intelligence (-1).
   It affects your dexterity (+1).
   It protects you from poison.
   It protects you from negative energy.
 x - a +0 troll leather armour (worn)
 z - a +2 robe of fire resistance
 N - a +2 hat (worn)
Jewellery
 m - a ring of resist corrosion (left hand)
 H - a ring of magical power (right hand)
 S - an amulet of faith (around neck)
Wands
 a - a wand of enslavement (6)
 e - a wand of digging (6)
 k - a wand of disintegration (10)
 t - a wand of polymorph (8)
 w - a wand of clouds (3)
 y - a wand of acid (6)
 B - a wand of iceblast (8)
 E - a wand of paralysis (7)
 I - a wand of flame (30)
Scrolls
 b - 8 scrolls of identify
 d - 2 scrolls of remove curse
 g - 6 scrolls of teleportation
 i - 4 scrolls of fog
 j - 2 scrolls of amnesia
 r - 2 scrolls of magic mapping
 v - a scroll of blinking
 A - 3 scrolls of fear
 F - 5 scrolls of enchant armour
 G - 3 scrolls of enchant weapon
 R - 3 scrolls of torment {unknown}
Potions
 f - 3 potions of curing
 h - 7 potions of flight
 l - a potion of brilliance
 n - a potion of berserk rage
 o - 5 potions of might
 J - a potion of stabbing
 M - a potion of lignification
 Q - 3 potions of magic {unknown}
Books
 K - a manual of
Armour
 L - a manual of Armour
Comestibles
 c - 13 rations
 T - a chunk of flesh


   Skills:
 + Level 10.7 Fighting
 + Level 5.2 Long Blades
 + Level 13.3 Axes
   Level 6.5 Staves
 + Level 3.4 Throwing
 + Level 12.4 Armour
 + Level 6.1 Dodging
 - Level 1.5 Stealth
 + Level 1.3 Invocations
 + Level 2.1 Evocations


You had 11 spell levels left.
You didn't know any spells.
Your spell library contained the following spells:

 Spells                   Type           Power        Failure   Level  Hunger
 Foxfire                  Conj/Fire      #...         41%         1    ##.....
 Confusing Touch          Hex            #.......     80%         3    ####...
 Conjure Flame            Conj/Fire      #.......     80%         3    ####...
 Gell's Gravitas          Tloc           #.........   80%         3    ####...
 Inner Flame              Hex/Fire       #.......     80%         3    ####...
 Petrify                  Tmut/Erth      #.......     99%         4    #####..
 Sticky Flame             Conj/Fire      #.......     99%         4    #####..
 Fireball                 Conj/Fire      #.........   100%        5    ######.
 Metabolic Englaciation   Hex/Ice        #.........   100%        5    ######.
 Yara's Violent Unravell  Hex/Tmut       #.........   100%        5    ######.


Dungeon Overview and Level Annotations

Branches:
Dungeon (13/15)            Temple (1/1) D:6            Lair (0/6) D:8
    Orc (0/2) D:9           Sewer (visited)          Bailey (visited)
 Vaults: D:13-14

Altars:
Ashenzari
Dithmenos
Elyvilon
Hepliaklqana
Kikubaaqudgha
Makhleb
Nemelex Xobeh
Okawaru
Trog
Uskayaw
Vehumet
Wu Jian
Xom
Yredelemnul
Zin
The Shining One
Beogh

Annotations:
D:13 Nergalle, Nessos


Innate Abilities, Weirdness & Mutations

You are partially covered in thin metallic scales. (AC +2)
You do not regenerate when monsters are visible.
Your muscles are strong. (Str +2)
You are occasionally teleported next to monsters.


Message History

Beogh accepts your kill.
Nessos shoots an arrow.
The arrow hits you!
* * * LOW HITPOINT WARNING * * *
The arrow burns you.
* * * LOW HITPOINT WARNING * * *
The centaur warrior shoots an arrow.
The arrow misses you.
Nessos shoots an arrow.
The arrow misses you.
Blink to where?
Press: ? - help, Dir - move target cursor You are very lightly contaminated with residual magic.
As you read the scroll of blinking, it crumbles to dust.
Nessos blinks!
Nessos shoots an arrow.
The arrow hits you!
* * * LOW HITPOINT WARNING * * *
The arrow burns you.
* * * LOW HITPOINT WARNING * * *
Found a scroll of immolation.
Nessos shoots an arrow.
The arrow hits you.
* * * LOW HITPOINT WARNING * * *
The arrow burns you.
You die...

#....(c...###
#..!c$..###
#....ยง##5.5
####....###.#
#.##Z. #.#..
#.#.#
#(#.##.#
#?@....#
###.#### .#
.# ##


You could see Nessos (fast), a crimson imp and a centaur warrior zombie.

Vanquished Creatures
  A hydra (D:11)
  Erica (D:8)
  2 two-headed ogres
  A tengu warrior (D:13)
  2 gargoyles
  Psyche (D:8)
  A kobold demonologist (D:9)
  A hippogriff (D:11)
  A wraith (D:13)
  A hog (D:9)
  2 wyverns
  A vampire (D:11)
  A shadow (D:11)
  4 yaks
  Grum (D:11)
  A human (D:9)
  2 hungry ghosts
  4 vampire mosquitoes (D:12)
  2 water moccasins
  2 orc warriors
  2 sky beasts
  5 ice beasts
  9 ogres
  4 phantoms
  A necrophage (D:9)
  A wolf (D:11)
  5 centaurs
  20 big kobolds
  4 bullfrogs
  2 scorpions
  14 killer bees
  A wyvern skeleton (D:9)
  12 howler monkeys
  4 wights (D:9)
  6 crimson imps
  A quasit (D:8)
  9 hounds
  A gnoll shaman (D:9)
  2 orc priests (D:7)
  4 bullfrog skeletons
  Crazy Yiuf (D:5)
  7 orc wizards
  Jessica (D:2)
  5 iguanas
  A hell rat (D:5)
  A statue (D:9)
  5 worker ants
  A human simulacrum (D:12)
  A hound skeleton (D:5)
  5 gnolls (D:9)
  13 adders
  6 river rats (D:5)
  A shadow imp (D:5)
  4 oozes
  An adder zombie (D:9)
  2 adder skeletons
  4 worms
  A dart slug (D:1)
  6 leopard geckos
  32 orcs
  5 giant cockroaches
  4 hobgoblins
  7 jackals
  3 quokkas
  6 ball pythons
  A ball python zombie (D:5)
  3 bats
  4 frilled lizards
  7 goblins
  A jackal zombie (D:7)
  41 kobolds
  A leopard gecko skeleton (D:7)
  A quokka skeleton (D:7)
  17 rats
338 creatures vanquished.

Vanquished Creatures (collateral kills)
  Gastronok (D:11)
  A tengu warrior (D:13)
  2 orc knights
  2 trolls
  2 hippogriffs
  A wraith (D:10)
  2 hogs (D:9)
  6 yaks (D:10)
  A hungry ghost (D:13)
  2 water moccasins (D:10)
  5 orc warriors
  2 phantoms (D:11)
  2 wolves (D:11)
  A centaur (D:10)
  A big kobold (D:9)
  2 bullfrogs
  A scorpion (D:10)
  4 wights (D:10)
  A jelly (D:12)
  A hound (D:10)
  3 orc priests (D:10)
  5 orc wizards (D:10)
  A human simulacrum (D:12)
  A leopard gecko (D:9)
  10 orcs
  3 goblins (D:10)
  4 kobolds (D:9)
67 creatures vanquished.

Vanquished Creatures (others)
  Nergalle (D:13)
  4 orc warriors
  A hornet zombie (D:9)
  A crocodile (D:7)
  A bullfrog (D:7)
  A howler monkey (D:9)
  2 orc priests
  2 orc wizards
  19 orcs
32 creatures vanquished.

Grand Total: 437 creatures vanquished

Notes
Turn   | Place    | Note
-------+----------+-------------------------------------------
     0 | D:1      | hawla the Hill Orc Monk began the quest for the Orb.
     0 | D:1      | Reached XP level 1. HP: 19/19 MP: 1/1
   320 | D:1      | Reached XP level 2. HP: 27/27 MP: 2/2
   933 | D:2      | Noticed a centaur
  1226 | D:1      | Reached XP level 3. HP: 31/33 MP: 3/3
  1257 | D:2      | Killed a centaur
  1257 | D:2      | Reached skill level 5 in Axes
  1257 | D:2      | Reached XP level 4. HP: 13/41 MP: 4/4
  1566 | D:2      | Noticed Jessica
  1577 | D:2      | Killed Jessica
  1577 | D:2      | Reached skill level 1 in Armour
  1577 | D:2      | Reached XP level 5. HP: 42/47 MP: 5/5
  1618 | D:2      | Found a glowing golden altar of the Shining One.
  2287 | D:2      | Found a bloodstained altar of Trog.
  2405 | D:3      | Found a glowing drain.
  2727 | Sewer    | Entered a sewer
  3026 | Sewer    | Noticed a big kobold
  3050 | Sewer    | Killed a big kobold
  3050 | Sewer    | Reached XP level 6. HP: 31/53 MP: 6/6
  3220 | Sewer    | Reached skill level 6 in Axes
  3742 | D:3      | Reached skill level 5 in Fighting
  3978 | D:3      | Found a hazy altar of Hepliaklqana.
  4240 | D:3      | Found a sparkling altar of Nemelex Xobeh.
  4259 | D:3      | Noticed an ice beast
  4272 | D:3      | Killed an ice beast
  4272 | D:3      | Reached XP level 7. HP: 27/61 MP: 7/7
  5540 | D:4      | Reached skill level 7 in Axes
  6512 | D:5      | Entered Level 5 of the Dungeon
  6512 | D:5      | Found a sparkling altar of Nemelex Xobeh.
  6592 | D:5      | Reached XP level 8. HP: 61/70 MP: 8/8
  6671 | D:5      | Reached skill level 1 in Evocations
  6689 | D:5      | Found a runed translucent door.
  6690 | D:5      | Noticed Crazy Yiuf
  6726 | D:5      | Found a glowing silver altar of Zin.
  6727 | D:5      | Found a hide-covered altar of Uskayaw.
  7052 | D:5      | Reached skill level 8 in Axes
  7314 | D:5      | Reached skill level 5 in Armour
  7620 | D:5      | Reached skill level 9 in Axes
  7656 | D:5      | Reached skill level 5 in Dodging
  7892 | D:5      | Found the +2 ratskin cloak {+Rats rPois rN+ Str-1 Int-1
                  | Dex+1}
  8183 | D:5      | Found a basalt altar of Yredelemnul.
  8236 | D:5      | Found a white marble altar of Elyvilon.
  8408 | D:5      | Killed Crazy Yiuf
  8570 | D:6      | Found a white marble altar of Elyvilon.
  8591 | D:6      | Reached XP level 9. HP: 72/78 MP: 9/9
  8665 | D:6      | Reached skill level 1 in Throwing
  8828 | D:6      | Reached skill level 1 in Staves
  9221 | D:6      | Found a staircase to the Ecumenical Temple.
  9364 | Temple   | Entered the Ecumenical Temple
  9430 | D:6      | Gained mutation: You do not regenerate when monsters are
                  | visible. [potion of mutation]
  9430 | D:6      | Gained mutation: Your muscles are strong. (Str +2) [potion
                  | of mutation]
  9430 | D:6      | Gained mutation: You are occasionally teleported next to
                  | monsters. [potion of mutation]
  9430 | D:6      | Gained mutation: You are partially covered in thin metallic
                  | scales. (AC +2) [potion of mutation]
  9695 | D:7      | Became a worshipper of Beogh the Brigand
  9695 | D:7      | Reached * piety under Beogh
  9695 | D:7      | Reached ** piety under Beogh
  9700 | D:7      | Found an iron altar of Okawaru.
 10045 | D:7      | Found a shadowy altar of Dithmenos.
 10054 | D:7      | Found a radiant altar of Vehumet.
 10825 | D:8      | Noticed Erica
 10870 | D:8      | Killed Erica
 10870 | D:8      | Reached skill level 10 in Axes
 10870 | D:8      | Reached XP level 10. HP: 29/88 MP: 10/10
 11170 | D:8      | Noticed Psyche
 11171 | D:8      | Found a staircase to the Lair.
 11185 | D:8      | Killed Psyche
 11453 | D:8      | Found a burning altar of Makhleb.
 11631 | D:8      | Reached skill level 1 in Long Blades
 12072 | D:9      | Reached *** piety under Beogh
 12089 | D:9      | Reached skill level 11 in Axes
 12397 | D:9      | Found a shattered altar of Ashenzari.
 12425 | D:9      | Noticed a kobold demonologist
 12452 | D:9      | Killed a kobold demonologist
 12452 | D:9      | Reached skill level 5 in Staves
 12622 | D:9      | Reached XP level 11. HP: 65/95 MP: 11/11
 12840 | D:9      | Found a radiant altar of Vehumet.
 12883 | D:9      | Reached **** piety under Beogh
 12998 | D:9      | Found a staircase to the Orcish Mines.
 14077 | D:10     | Entered Level 10 of the Dungeon
 14077 | D:10     | Noticed Urug
 14478 | D:10     | Found a flagged portal.
 14485 | Bailey   | Entered a bailey
 14861 | Bailey   | Found a roughly hewn altar of Beogh.
 14861 | Bailey   | Noticed an orc knight
 14885 | Bailey   | Killed an orc knight
 15455 | D:10     | Reached skill level 10 in Armour
 15849 | D:10     | Reached skill level 12 in Axes
 16003 | D:10     | Found a shimmering altar of Xom.
 16112 | D:10     | Found a runed translucent door.
 16124 | D:10     | Noticed an orc knight
 16135 | D:10     | Killed an orc knight
 16135 | D:10     | Reached skill level 1 in Invocations
 16136 | D:10     | Was placed under penance by Beogh
 16139 | D:10     | Found a roughly hewn altar of Beogh.
 16697 | D:11     | Noticed Grum
 16709 | D:11     | Killed Grum
 16894 | D:11     | Noticed a four-headed hydra
 16907 | D:11     | Killed a one-headed hydra
 16981 | D:11     | Reached XP level 12. HP: 32/106 MP: 13/13
 17012 | D:11     | Noticed Gastronok
 17016 | D:11     | HP: 1/106 [Gastronok/the air (22)]
 17322 | D:11     | Was forgiven by Beogh
 17361 | D:11     | Noticed a two-headed ogre
 17367 | D:11     | Killed a two-headed ogre
 17650 | D:11     | Killed Gastronok
 17650 | D:11     | Reached skill level 10 in Fighting
 17994 | D:12     | Noticed Nergalle
 18630 | D:12     | Noticed a two-headed ogre
 18635 | D:12     | Killed a two-headed ogre
 18635 | D:12     | Reached skill level 13 in Axes
 19384 | D:13     | Noticed a tengu warrior
 19384 | D:13     | Noticed a tengu warrior
 19400 | D:13     | Killed a tengu warrior
 19411 | D:13     | Killed a tengu warrior
 19411 | D:13     | Reached ***** piety under Beogh
 19411 | D:13     | Reached skill level 5 in Long Blades
 19553 | D:13     | Noticed Nessos
 19563 | D:13     | Your ally died
 19565 | D:13     | Noticed a centaur warrior
 19573 | D:13     | HP: 2/108 [Nessos/arrow (6)]
 19573 | D:13     | Shot with an arrow by Nessos

Illustrated notes

Levels and vault maps discovered:
D:1:      eino_arrival_tree_alley, layout_loops_ring, minmay_shallow_snake_nest
D:2:      layout_loops_ring, bloody_trog, overflow_temple_1_default,
          uniq_jessica
D:3:      layout_loops_cross, nemelex_xobeh_ov_fountains_minmay,
          lemuel_crystal_altar, cheibrodos_sewer_entry_drain
D:4:      layout_loops_corners
D:5:      wander_guarded_unrand_ratskin, layout_rooms, kennysheep_ying_yang,
          chequers_temple_overflow_statue_of_worship, first_ration,
          moated_statue, hangedman_abyss_or_decor_stabs,
          chequers_serial_rivers_small_3, lemuel_tele_altar,
          uniq_crazy_yiuf_cottage
D:6:      layout_rooms, minmay_temple_entry_poolview, elyvilon_altar_1
D:7:      hangedman_cross_stitches, layout_loops_ring,
          nicolae_dithmenos_shadow_blocks, okawaru_trees_1, basic_altar
D:8:      layout_rooms, nicolae_overflow_crystal_walls,
          kennysheep_cluttered_room, uniq_erica, uniq_psyche
D:9:      layout_roguey [special_room_kobold], ashenzari_altar_1,
          vehumet_statue, orc_0_dummy, grunt_livestock
D:10:     layout_loops_ring, basic_altar, enter_bailey_3,
          lightli_church_of_beogh, uniq_urug
D:11:     layout_basic, uniq_grum, uniq_gastronok
D:12:     layout_irregular_city, drop_trap, bh_circular_ruins, uniq_nergalle
D:13:     minmay_the_grid_four_pointed_star_mashed
          [minmay_the_grid_triangle_9x9_stretched_checkered,
          minmay_the_grid_triangle_9x9_skeleton,
          minmay_the_grid_triangle_9x9_checkered,
          minmay_the_grid_triangle_9x9_descending_squares,
          minmay_the_grid_prize_big_room], layout_loops_cross, uniq_nessos
Temple:   compressed_dpeg_triangle_lava_temple

Skill      XL: |  1  2  3  4  5  6  7  8  9 10 11 12 |
---------------+-------------------------------------+-----
Fighting       | 4 5 6 7 8 9 10 | 10.7
Axes           | 5 6 7 9 10 11 12 13 | 13.3
Dodging        | 3 4 5 6 |  6.1
Armour         | 1 2 3 5 7 8 11 12 | 12.4
Evocations     | 1 2 |  2.1
Throwing       | 1 2 3 |  3.4
Staves         | 4 6 |  6.5
Long Blades    | 2 5 |  5.2
Invocations    | 1 |  1.3
Stealth        | |  1.5

Action                   |  1- 3 |  4- 6 |  7- 9 | 10-12 || total
-------------------------+-------+-------+-------+-------++-------
Melee: Hand axe          |    55 |   267 |   474 |   347 ||  1143
       Quarterstaff      |       |       |   156 |   208 ||   364
       Scimitar          |       |       |       |   103 ||   103
       War axe           |       |       |       |   125 ||   125
Throw: Dart              |       |       |    17 |     1 ||    18
       Boomerang         |       |       |     5 |    33 ||    38
       Javelin           |       |       |     4 |     8 ||    12
Invok: Convert to Beogh  |       |       |     1 |       ||     1
       Smiting           |       |       |       |     2 ||     2
       Recall Orcish Fol |       |       |       |     3 ||     3
       Stop Recall       |       |       |       |     1 ||     1
 Abil: Evoke Ratskin     |       |       |       |     2 ||     2
Evoke: Wand              |       |       |    14 |     3 ||    17
  Use: Scroll            |     4 |     1 |    14 |     7 ||    26
       Potion            |     3 |     4 |     4 |    13 ||    24
 Stab: Sleeping          |     3 |     3 |       |     1 ||     7
       Petrified         |       |       |     3 |       ||     3
       Distracted        |       |       |       |     7 ||     7
  Eat: Chunk             |     1 |     6 |     3 |    18 ||    28
       Ration            |       |     1 |     6 |     4 ||    11
Armor: Robe              |     7 |       |       |    19 ||    26
       Leather armour    |     7 |    55 |     7 |       ||    69
       Ring mail         |       |       |    19 |       ||    19
       Scale mail        |       |       |   143 |       ||   143
       Chain mail        |       |       |    92 |       ||    92
       Plate armour      |       |       |    16 |   521 ||   537
       Skin              |       |       |       |    12 ||    12
       Troll leather arm |       |       |       |    20 ||    20
Dodge: Dodged            |    44 |   185 |   330 |   381 ||   940
       Rpst.: Scimitar   |       |       |       |    20 ||    20
